 Dungeon Crawl Stone Soup version 0.30.0-16-gbe6223bb7e (webtiles) character file.

Game seed: 3467777296199456682

3259 freelancePsychic the Skirmisher (level 9, -5/81 HPs)
             Began as a Minotaur Hunter on May 20, 2023.
             Was a Believer of Okawaru.
             Slain by a vampire (10 damage)
             ... on level 8 of the Dungeon.
             The game lasted 00:10:21 (7362 turns).

freelancePsychic the Skirmisher (Minotaur Hunter)   Turns: 7362, Time: 00:10:21

Health: -5/81      AC:  8    Str: 15    XL:     9   Next: 68%
Magic:  9/10       EV: 26    Int:  6    God:    Okawaru [**....]
Gold:   431        SH:  0    Dex: 25    Spells: 8/8 levels left

rFire   . . .        a - +0 shortbow
rCold   . . .        (shield currently unavailable)
rNeg    . . .        c - +1 leather armour
rPois   .            (helmet restricted)
rElec   .            d - +1 cloak of Starlight {*Dazzle EV+4 Stlth--}
rCorr   .            (no gloves)
SInv    .            q - +0 pair of boots
Will    .....        (no amulet) Stlth
                     j - +6 ring of dexterity
HPRegen 0.33/turn    (no ring)
MPRegen 0.12/turn

%: no passive effects
@: confused, heroic, hasted, very quick
A: horns 2, retaliatory headbutt
a: Renounce Religion, Heroism


You were on level 8 of the Dungeon.
You worshipped Okawaru.
Okawaru was pleased with you.
You visited 2 branches of the dungeon, and saw 9 of its levels.
You also visited: Ossuary.

You collected 431 gold pieces.

Inventory:

Hand Weapons
 a - a +0 shortbow (weapon)
Armour
 c - a +1 leather armour (worn)
 d - the +1 cloak of Starlight (worn) {*Dazzle EV+4 Stlth--}
   (You acquired it on level 3 of the Dungeon)

   *Dazzle:   It may blind those who miss an attack against the wearer in melee
   combat.
   EV:        It affects your evasion (+4).
   Stlth:     It makes you much less stealthy.
 g - a +0 ring mail
 q - a +0 pair of boots (worn)
Jewellery
 j - a +6 ring of dexterity (left hand)
Wands
 i - a wand of roots (1)
 z - a wand of digging (1)
 B - a wand of mindburst (22)
Scrolls
 e - 2 scrolls of noise
 h - 5 scrolls of teleportation {@r4}
 l - 3 scrolls of vulnerability
 s - 2 scrolls of poison
 u - a scroll of identify {@r1}
 y - 3 scrolls of torment
 A - a scroll of immolation
Potions
 b - a potion of haste {@q3}
 f - 4 potions of curing {@q1}
 k - a potion of lignification
 m - a potion of ambrosia
 o - 5 potions of might
 p - 2 potions of attraction {unknown}
 r - 2 potions of mutation {unknown}
 t - a potion of brilliance
 v - 3 potions of flight
 w - a potion of berserk rage
 x - a potion of invisibility {unknown}


   Skills:
 + Level 8.1(13.1) Fighting
 * Level 11.1(16.1) Ranged Weapons
 + Level 7.1(12.1) Dodging
 - Level 1.5(6.5) Stealth
 + Level 3.9 Invocations


You had 8 spell levels left.
You didn't know any spells.
Your spell library contained the following spells:

 Spells                   Type           Power      Damage    Failure   Level
 Ignite Poison            Fire/Tmut/Pois 0%         N/A       87%         3
 Ozocubu's Armour         Ice            0%         N/A       87%         3
 Portal Projectile        Hex/Tloc       0%         N/A       87%         3
 Leda's Liquefaction      Hex/Erth       0%         N/A       99%         4
 Sticky Flame             Conj/Fire      0%         2d3       99%         4
 Ozocubu's Refrigeration  Ice            0%         4d7       100%        7
 Ignition                 Fire           0%         3d3       100%        8
 Call Canine Familiar     Summ           Unusable   N/A       N/A         3

Dungeon Overview and Level Annotations

Branches:
Dungeon (8/15)             Temple (1/1) D:5         Ossuary (visited)
   Lair: D:8-11

Altars:
Cheibriados
Dithmenos
Fedhas
Gozag
Hepliaklqana
Makhleb
Nemelex Xobeh
Okawaru
Sif Muna
Uskayaw
Wu Jian
Zin

Annotations:
D:3 Grinder


Innate Abilities, Weirdness & Mutations

You have a pair of horns on your head.
You reflexively headbutt those who attack you in melee.


Message History

Aim: a vampire (heavily damaged, constricted by roots, 93% to hit)
You shoot an arrow. The arrow hits the vampire!
The vampire is almost destroyed.
The grasping roots constrict the vampire.
The roots release their grip on the vampire.
The vampire mumbles some strange words.
The vampire flickers and vanishes!
Deactivating autopickup; reactivate with Ctrl-A.
Fire: a) +0 shortbow
Press: ? - help, Shift-Dir - straight line, f - you Something closely misses you.
Something bites you.
* * * LOW HITPOINT WARNING * * *
Something draws strength from your injuries!
You feel much better. Something completely misses you.
Something bites you but does no damage.
You shoot an arrow. Something draws life force from you!
You shoot an arrow. You shoot an arrow. Something draws life force from you!
There is an open door here.
You shoot an arrow. Something misses you. Something bites you!
* * * LOW HITPOINT WARNING * * *
Something draws strength from your injuries!
You shoot an arrow. You shoot an arrow. Something hits you.
* * * LOW HITPOINT WARNING * * *
Something closely misses you.
You feel better. Something draws life force from you.
* * * LOW HITPOINT WARNING * * *
You feel better. Something draws life force from you!!
* * * LOW HITPOINT WARNING * * *
Okay, then.
You feel yourself speed up.
You hear some strange, mumbled words.
You are confused.
You bump into the stone wall.
Something hits you.
* * * LOW HITPOINT WARNING * * *
Something barely misses you.
You clumsily bash something but do no damage.
Something hits you!
You die...

## #⌠## ##...##
##.....## ##.......# #
#####....#....# ##.
###..@{...## ....
##...##....##....# ..#
............##.......##
##...##.###..##.....#
##. #.# #####...## #.#
#⌠## #.#######. ##
#.<....... ##########


There were no monsters in sight!

Vanquished Creatures
  Pikel (D:6)
  Sigmund (D:6)
  A sky beast (D:6)
  2 orc warriors
  A centaur (D:7)
  2 ogres
  A lemure (D:6)
  4 elf zombies (Ossuary)
  3 phantoms
  2 bullfrogs (D:7)
  A scorpion (D:6)
  4 elf skeletons (D:7)
  3 howler monkeys (D:7)
  A hound (D:7)
  6 orc priests
  A bullfrog skeleton (D:4)
  2 human zombies (Ossuary)
  A jelly (D:4)
  Natasha (twice) (D:3)
  2 sleepcaps
  Jessica (D:3)
  A human skeleton (D:7)
  2 scorpion zombies (D:4)
  2 iguanas
  7 orc wizards
  A hound zombie (D:4)
  A hound skeleton (D:4)
  4 mummies (Ossuary)
  A howler monkey zombie (D:4)
  6 gnolls (D:5)
  7 adders
  2 ufetubi (D:4)
  An adder skeleton (D:4)
  2 adder zombies
  2 worms (D:2)
  2 dart slugs
  16 orcs
  5 ball pythons
  2 endoplasms
  3 gnoll zombies (Ossuary)
  7 goblins
  11 hobgoblins
  5 jackals
  5 quokkas
  A bat (D:2)
  A hobgoblin zombie (Ossuary)
  A jackal zombie (Ossuary)
  2 kobolds (D:4)
  An orc skeleton (D:7)
  2 rats
145 creatures vanquished.

Notes
Turn   | Place    | Note
-------+----------+-------------------------------------------
     0 | D:1      | freelancePsychic the Minotaur Hunter began the quest for
                  | the Orb.
     0 | D:1      | Reached XP level 1. HP: 18/18 MP: 0/0
    29 | D:1      | Reached skill level 1 in Stealth
    89 | D:1      | Reached XP level 2. HP: 25/25 MP: 1/1
   791 | D:2      | Reached skill level 5 in Ranged Weapons
   892 | D:2      | Reached XP level 3. HP: 31/31 MP: 2/2
  1325 | D:3      | Noticed Grinder
  1386 | D:3      | Identified a scroll of acquirement
  1387 | D:3      | Acquired the +1 cloak of Starlight {*Dazzle EV+4 Stlth--}
  1387 | D:3      | Found the +1 cloak of Starlight {*Dazzle EV+4 Stlth--}
  1571 | D:3      | Noticed Natasha
  1574 | D:3      | Killed Natasha
  1575 | D:3      | Reached XP level 4. HP: 24/38 MP: 3/3
  1849 | D:3      | Reached XP level 5. HP: 42/46 MP: 4/4
  1861 | D:3      | Reached skill level 6 in Ranged Weapons
  2004 | D:3      | Noticed Jessica
  2005 | D:3      | Killed Jessica
  2191 | D:3      | Noticed Natasha
  2193 | D:3      | Killed Natasha
  2194 | D:3      | Reached XP level 6. HP: 52/52 MP: 5/5
  2701 | D:4      | Reached skill level 7 in Ranged Weapons
  2857 | D:4      | Reached skill level 5 in Fighting
  2857 | D:4      | Reached XP level 7. HP: 61/61 MP: 6/6
  3154 | D:5      | Entered Level 5 of the Dungeon
  3901 | D:5      | Found a staircase to the Ecumenical Temple.
  3910 | Temple   | Entered the Ecumenical Temple
  4013 | D:5      | Reached skill level 8 in Ranged Weapons
  4855 | D:7      | Reached skill level 5 in Dodging
  5032 | D:7      | Found a burning altar of Makhleb.
  5077 | D:7      | Reached XP level 8. HP: 70/70 MP: 7/7
  5091 | D:7      | Found an iron altar of Okawaru.
  5102 | D:7      | Reached skill level 9 in Ranged Weapons
  5103 | D:7      | Became a worshipper of Warmaster Okawaru
  5215 | D:7      | Reached skill level 1 in Invocations
  5307 | D:7      | Found a sand-covered staircase.
  5320 | Ossuary  | Entered an ossuary
  5467 | Ossuary  | Reached * piety under Okawaru
  5500 | Ossuary  | Reached skill level 10 in Ranged Weapons
  5500 | Ossuary  | Reached XP level 9. HP: 47/79 MP: 9/9
  6108 | D:6      | Noticed Pikel
  6133 | D:6      | Killed Pikel
  6133 | D:6      | Reached ** piety under Okawaru
  6789 | D:6      | Noticed Sigmund
  6794 | D:6      | Killed Sigmund
  6795 | D:6      | Reached skill level 11 in Ranged Weapons
  7362 | D:8      | Slain by a vampire

Illustrated notes

Levels and vault maps discovered:
D:1:      saegor_arrival_miasma, layout_basic
D:2:      layout_loops_ring
D:3:      layout_basic, uniq_grinder, uniq_natasha, uniq_jessica
D:4:      layout_loops_cross, serial_undead, serial_undead_b, serial_undead_d,
          serial_undead_c, serial_undead_b, serial_undead_f, serial_undead_a,
          st_stairs_9
D:5:      layout_layer_cave, minmay_temple_entry_slanted
D:6:      layout_basic, eino_small_chamber_without_monster, uniq_sigmund,
          uniq_pikel
D:7:      layout_rooms, mainiacjoe_overflow_divided_tiny,
          nicolae_ossuary_entry_catacombs, minmay_tree_intersection,
          kennysheep_boxes
D:8:      layout_loops_corners, nicolae_qazlal_eye_of_the_storm,
          nzn_life_drinkers, uniq_erica, uniq_maggie, uniq_joseph, uniq_amaemon
Temple:   hellmonk_temple_micro_hex

Skill      XL: |  1  2  3  4  5  6  7  8  9 |
---------------+----------------------------+-----
Stealth        | 1 |  1.5
Fighting       | 3 4 5 6 7 8 |  8.1
Ranged Weapons | 5 6 7 8 10 11 | 11.1
Dodging        | 3 4 5 6 7 |  7.1
Invocations    | 2 3 |  3.9

Action                     |  1- 3 |  4- 6 |  7- 9 || total
---------------------------+-------+-------+-------++-------
  Melee: Shortbow          |       |       |     1 ||     1
   Fire: Shortbow          |    74 |   128 |   441 ||   643
 Invoke: Heroism           |       |       |     2 ||     2
  Evoke: Wand              |       |       |     5 ||     5
    Use: Scroll            |     6 |     1 |    11 ||    18
         Potion            |       |       |    10 ||    10
 Armour: Ring mail         |     3 |       |       ||     3
         Leather armour    |     3 |    13 |    37 ||    53
  Dodge: Dodged            |    17 |    61 |   249 ||   327
